AoeStats
← VkA | Leite Ninho

African Clearing

506460918Analyzed
4v4 RM · 18d ago on Sep 13, 2026· 72m 35s· 8 players
Game mode
Random Map
Map size
Large (8 player)
Population
200
Speed
Normal
Resources
Standard
Victory
Conquest
Starting age
Dark Age
Ending age
Imperial Age
RankedLock teamsTeams togetherTeam positionsShared explorationLock speedFull tech treeHidden civsTurbo modeCheats
Victory
Defeat
🇲🇽 Italians · Mexico
1496
+10
🇲🇽 Maya · Mexico
1416
+13
🇲🇽 Turks · Mexico
1319
+17
🇨🇴 Vietnamese · Colombia
1211
+20
🇧🇷 Jurchens · Brazil
1359
-16
🇧🇷 Mapuche · Brazil
1346
-15
🇧🇷 Franks · Brazil
1332
-15
🇧🇷 Maya · Brazil
1307
-14
VkA | 侍
4:02 Loom
13:43 Feudal Age
14:15 Double-Bit Axe
18:27 Fletching
19:56 Padded Archer Armor
21:35 Horse Collar
29:23 Castle Age
29:46 Gold Mining
29:37 Crossbowman
33:19 Bodkin Arrow
36:13 Thumb Ring
38:32 Ballistics
41:17 Town Watch
42:03 Leather Archer Armor
42:30 Wheelbarrow
51:53 Imperial Age
50:29 Stone Mining
51:49 Murder Holes
52:05 Arbalester
52:54 Bracer
55:05 Chemistry
55:02 Scale Mail Armor
55:12 Forging
55:17 Pikeman
57:51 Chain Mail Armor
58:11 Iron Casting
58:36 Ring Archer Armor
58:21 Heavy Plow
VkA | Leite Ninho
11:26 Loom
13:33 Feudal Age
17:13 Castle Age
15:08 Double-Bit Axe
18:20 Bow Saw
24:50 Fletching
25:57 Bodkin Arrow
26:39 Padded Archer Armor
30:29 Leather Archer Armor
31:19 Ballistics
37:38 Imperial Age
37:50 Wheelbarrow
37:00 Town Watch
38:09 Elite Bolas Rider
39:36 Ring Archer Armor
43:35 Chemistry
43:01 Conscription
44:06 Elite Kona
44:57 Forging
46:47 Iron Casting
48:00 Hand Cart
47:30 Horse Collar
47:41 Gold Mining
47:47 Gold Mining
49:04 Blast Furnace
49:56 Malon
50:07 Butalmapu
50:39 Hoardings
54:31 Gold Shaft Mining
53:58 Heavy Plow
58:28 Town Patrol
64:39 Crop Rotation
AlixVance
5:38 Loom
14:20 Feudal Age
15:25 Double-Bit Axe
33:33 Castle Age
33:59 Scale Barding Armor
34:06 Forging
34:44 Bow Saw
34:40 Husbandry
36:27 Wheelbarrow
39:15 Iron Casting
39:28 Chain Barding Armor
40:56 Hand Cart
46:01 Fletching
46:12 Padded Archer Armor
47:38 Leather Archer Armor
48:30 Bodkin Arrow
49:20 Elite Skirmisher
51:58 Ballistics
54:53 Imperial Age
53:29 Town Watch
54:35 Scale Mail Armor
55:46 Chain Mail Armor
56:39 Blast Furnace
56:51 Chemistry
55:27 Pikeman
56:08 Squires
56:22 Halberdier
58:21 Plate Mail Armor
60:50 Cavalier
62:13 Plate Barding Armor
62:46 Paladin
VkA | LimaoNub
3:37 Loom
12:01 Feudal Age
12:50 Double-Bit Axe
15:18 Scale Barding Armor
22:10 Bloodlines
28:40 Castle Age
27:20 Scale Mail Armor
29:51 Chain Barding Armor
31:54 Husbandry
34:20 Horse Collar
41:55 Forging
47:19 Wheelbarrow
54:28 Scale Mail Armor
60:04 Imperial Age
58:28 Squires
59:14 Chain Mail Armor
60:13 Pikeman
60:18 Elite Fire Lancer
61:35 Iron Casting
65:12 Plate Barding Armor
67:02 Conscription
66:04 Elite Iron Pagoda
67:34 Hand Cart
MORIS0202
12:15 Loom
14:16 Feudal Age
15:23 Double-Bit Axe
18:21 Castle Age
17:38 Horse Collar
20:10 Town Watch
20:55 Bow Saw
23:33 Wheelbarrow
25:56 Hand Cart
28:45 Horse Collar
31:15 Gold Mining
31:28 Heavy Plow
35:24 Imperial Age
33:15 Scale Barding Armor
33:51 Fletching
34:16 Bloodlines
34:06 Husbandry
35:10 Chain Barding Armor
35:00 Forging
35:06 Forging
35:28 Forging
35:42 Stone Mining
37:08 Plate Barding Armor
37:55 Conscription
38:34 Iron Casting
39:36 Sipahi
39:42 Bodkin Arrow
40:51 Blast Furnace
39:43 Heavy Cavalry Archer
40:53 Parthian Tactics
42:10 Bracer
42:34 Ballistics
41:56 Treadmill Crane
42:26 Masonry
42:42 Thumb Ring
43:13 Padded Archer Armor
45:10 Heavy Camel Rider
53:12 Coinage
54:29 Architecture
54:36 Banking
71:44 Bombard Tower
71:21 Murder Holes
RKs Raggz
7:54 Loom
12:34 Feudal Age
15:24 Fletching
15:52 Town Watch
17:53 Padded Archer Armor
30:07 Castle Age
29:36 Double-Bit Axe
30:08 Crossbowman
30:49 Bodkin Arrow
35:25 Wheelbarrow
43:33 Thumb Ring
49:46 Hand Cart
51:45 Ballistics
55:05 Imperial Age
55:01 Leather Archer Armor
55:07 Arbalester
55:48 Bracer
56:18 Ring Archer Armor
56:52 Chemistry
56:34 Elite Genoese Crossbowman
57:09 Stone Mining
57:09 Gold Mining
58:30 Conscription
61:14 Town Patrol
64:41 Coinage
KronosX6104
6:03 Loom
12:54 Feudal Age
22:22 Castle Age
22:29 Bloodlines
22:27 Double-Bit Axe
26:16 Scale Barding Armor
30:23 Chain Barding Armor
32:26 Forging
33:59 Wheelbarrow
33:10 Town Watch
35:13 Iron Casting
36:24 Hand Cart
37:01 Husbandry
52:32 Imperial Age
52:48 Cavalier
54:08 Plate Barding Armor
55:34 Paper Money
62:16 Elite Battle Elephant
64:14 Chatras
64:36 Horse Collar
moramora48
9:36 Loom
11:43 Feudal Age
19:22 Castle Age
17:52 Scale Mail Armor
18:47 Forging
19:37 Fletching
20:40 Eagle Warrior
23:16 Iron Casting
22:39 Bodkin Arrow
22:46 Crossbowman
36:36 Horse Collar
39:14 Ballistics
38:58 Padded Archer Armor
40:17 Wheelbarrow
44:40 Hand Cart
44:10 Town Watch
45:20 Leather Archer Armor
51:49 Double-Bit Axe
55:19 Imperial Age
53:23 Treadmill Crane
55:03 Hul'che Javelineers
55:37 Squires
55:24 Arson
55:57 Chain Mail Armor
56:18 Iron Casting
55:51 Gold Mining
56:01 Elite Eagle Warrior
57:53 Holcans
57:52 Conscription
61:04 Plate Mail Armor
61:45 Blast Furnace
66:26 Pikeman
68:25 Halberdier
69:48 Capped Ram
71:00 Siege Ram
Connection lost

Rejoining the realm…

Still unreachable

The connection could not be restored.

Session expired

The server has moved on; the page needs a fresh start.